 Dungeon Sprint DCSS version 0.13.2 (webtiles) character file.

188 sanboga the Fighter (level 5, -8/58 HPs)
             Began as an Ogre Fighter on Oct 30, 2017.
             Was a Follower of Makhleb.
             Mangled by a crocodile (17 damage)
             ... in the Dungeon (Sprint IX: "|||||||||||||||||||||||||||||").
             The game lasted 00:01:49 (403 turns).

sanboga the Fighter (Ogre Fighter)                   Turns: 403, Time: 00:01:49

HP  -8/58        AC  3     Str 25      XL: 5   Next: 49%
MP   4/4         EV 14     Int  7      God: Makhleb [*.....]
Gold 20          SH  0     Dex  9      Spells:  0 memorised,  4 levels left

Res.Fire  : . . .   See Invis. : .   o - +4 quarterstaff (drain)
Res.Cold  : . . .   Warding    : .   b - +0 robe
Life Prot.: . . .   Conserve   : .   (shield restricted)
Res.Poison: .       Res.Corr.  : .   (helmet restricted)
Res.Elec. : .       Clarity    : .   (no cloak)
Sust.Abil.: . .     Spirit.Shd : .   (gloves unavailable)
Res.Mut.  : .       Prev.Telep.: +   (boots unavailable)
Res.Rott. : .       Flight     : .   (no amulet)
Saprovore : + . .                    q - +2 ring of evasion
                                     p - +3 ring of strength

@: mildly poisoned, slightly resistant to hostile enchantments, unstealthy
A: unfitting armour, fast metabolism 1, saprovore 1, tough skin 1
a: Renounce Religion


You were in the Dungeon.
You worshipped Makhleb.
Makhleb was aware of your devotion.
You were not hungry.

You visited 1 branch

Inventory:

Hand weapons
 o - a +4,+4 quarterstaff of draining (weapon)
Armour
 b - a +0 robe (worn)
Magical devices
 n - a wand of draining (7)
Comestibles
 d - 2 meat rations
Scrolls
 j - 2 scrolls of blinking
 l - 3 scrolls of remove curse
 m - 2 scrolls of amnesia
Jewellery
 p - a +3 ring of strength (left hand)
 q - a +2 ring of evasion (right hand)
Potions
 a - a potion of invisibility
 e - 5 potions of curing
 g - a potion of speed
 h - 4 potions of magic
 i - a potion of berserk rage
 k - 2 potions of heal wounds


   Skills:
 + Level 8.6 Fighting
   Level 3.8 Polearms
 + Level 1.0 Staves
 + Level 6.6 Dodging
 + Level 0.5 Stealth
   Level 5.1 Shields


You had 4 spell levels left.
You didn't know any spells.

Dungeon Overview and Level Annotations

Branches:
Dungeon (1/1)

Altars:
Ashenzari
Cheibriados
Elyvilon
Fedhas
Kikubaaqudgha
Makhleb
Nemelex Xobeh
Okawaru
Sif Muna
Trog
Vehumet
Xom
Yredelemnul
Zin
the Shining One


Innate Abilities, Weirdness & Mutations

You are too large for most types of armour.
You have a fast metabolism.
You can tolerate rotten meat.
You have tough skin (AC +1).


Message History

You kill the hobgoblin!
Makhleb accepts your kill.
You feel a little better.
You barely miss the kobold skeleton.
You feel sick.
You feel a little better.
You completely miss the kobold skeleton.
You feel sick. The kobold skeleton hits you.
You hit the kobold skeleton.
You destroy the kobold skeleton!
Makhleb accepts your kill.
You feel sick.
You hit the crocodile but do no damage. You drain the crocodile!
The crocodile barely misses you. The crocodile closely misses you.
You closely miss the crocodile. The crocodile bites you!
* * * LOW HITPOINT WARNING * * *
You hit the crocodile.
The crocodile is moderately wounded.
* * * LOW HITPOINT WARNING * * *
You feel sick. The crocodile bites you!
You die...

#+#
#.#
#.#
#.#
#.#
#.#
#t#
#@#
#(#
#.#
#[#
#[#
#)#
#)#
#|#
#.#


You could see a crocodile.

Vanquished Creatures
  A centaur (D)
  A crimson imp (D)
  An orc priest (D)
  An iguana (D)
  A scorpion (D)
  A ball python (D)
  2 hobgoblins (D)
  A quokka (D)
  A giant cockroach (D)
  A giant newt (D)
  A giant newt zombie (D)
  A goblin (D)
  A jackal (D)
  A kobold skeleton (D)
15 creatures vanquished.

Vanquished Creatures (others)
  A spatial maelstrom (D)
1 creature vanquished.

Grand Total: 16 creatures vanquished

Notes
Turn   | Place    | Note
--------------------------------------------------------------
     0 | D        | sanboga, the Ogre Fighter, began the quest for the Orb.
     0 | D        | Reached XP level 1. HP: 23/23 MP: 0/0
     8 | D        | Banished a spatial maelstrom
   113 | D        | Noticed an orc priest
   113 | D        | Noticed a crimson imp
   113 | D        | Noticed an iguana
   119 | D        | Reached XP level 2. HP: 27/32 MP: 1/1
   123 | D        | Killed an iguana
   123 | D        | Reached skill level 5 in Fighting
   123 | D        | Reached XP level 3. HP: 23/40 MP: 2/2
   130 | D        | Killed an orc priest
   130 | D        | Reached skill level 6 in Fighting
   130 | D        | Reached XP level 4. HP: 22/49 MP: 3/3
   160 | D        | Killed a crimson imp
   160 | D        | Reached skill level 7 in Fighting
   160 | D        | Reached skill level 5 in Dodging
   160 | D        | Reached skill level 5 in Shields
   171 | D        | Found a glowing silver altar of Zin.
   171 | D        | Found a deep blue altar of Sif Muna.
   171 | D        | Found a blossoming altar of Fedhas.
   171 | D        | Found a bloodstained altar of Trog.
   171 | D        | Found a burning altar of Makhleb.
   171 | D        | Found an ancient bone altar of Kikubaaqudgha.
   171 | D        | Found a shattered altar of Ashenzari.
   172 | D        | Found a glowing golden altar of the Shining One.
   173 | D        | Found an ancient bone altar of Kikubaaqudgha.
   174 | D        | Found a basalt altar of Yredelemnul.
   175 | D        | Found a shattered altar of Ashenzari.
   176 | D        | Became a worshipper of Makhleb the Destroyer
   179 | D        | Found an iron altar of Okawaru.
   180 | D        | Found a sparkling altar of Nemelex Xobeh.
   181 | D        | Found a snail-covered altar of Cheibriados.
   182 | D        | Found a radiant altar of Vehumet.
   183 | D        | Found a shimmering altar of Xom.
   184 | D        | Found a white marble altar of Elyvilon.
   383 | D        | Noticed a crocodile
   383 | D        | Noticed a scorpion
   383 | D        | Noticed a centaur
   393 | D        | Killed a centaur
   393 | D        | Reached skill level 8 in Fighting
   393 | D        | Reached XP level 5. HP: 22/58 MP: 4/4
   394 | D        | Killed a scorpion
   394 | D        | Reached skill level 1 in Staves
   396 | D        | Acquired Makhleb's first power
   403 | D        | Mangled by a crocodile

Action                   |  1- 3 |  4- 6 || total
-------------------------+-------+-------++-------
Melee: Trident           |    30 |    22 ||    52
       Quarterstaff      |       |    19 ||    19
  Use: Potion            |       |     1 ||     1
